AoeStats
← IamxSaVaGe7117

Arena

509984761Analyzed
1v1 RM · 3d ago on Sep 28, 2026· 25m 24s· 2 players
Game mode
Random Map
Map size
Tiny (2 player)
Population
200
Speed
Normal
Resources
Standard
Victory
Conquest
Starting age
Dark Age
Ending age
Imperial Age
RankedLock teamsTeams togetherTeam positionsShared explorationLock speedFull tech treeHidden civsTurbo modeCheats
Victory
Defeat
🇺🇸 Vietnamese · United States
585
+16
🇲🇽 Mongols · Mexico
595
-16
IamxSaVaGe7117
9:58 Feudal Age
17:40 Castle Age
15:47 Double-Bit Axe
16:24 Gold Mining
19:00 Squires
19:20 Bow Saw
22:32 Forging
22:28 Scale Mail Armor
Goober
11:33 Feudal Age
12:07 Horse Collar
13:17 Double-Bit Axe
18:13 Fletching
18:34 Forging
20:03 Padded Archer Armor
24:27 Castle Age
23:25 Loom
Connection lost

Rejoining the realm…

Still unreachable

The connection could not be restored.

Session expired

The server has moved on; the page needs a fresh start.